 Dungeon Crawl Stone Soup version 0.31-a0-145-g046c7d2549 (webtiles) character file.

Game seed: 12897867084042404627

750 jlumianski the Magician (level 8, -1/54 HPs)
             Began as a Djinni Fire Elementalist on June 5, 2023.
             Slain by a scorpion (7 damage)
             ... on level 6 of the Dungeon.
             The game lasted 00:27:18 (5295 turns).

jlumianski the Magician (Djinni Fire Elementalist)  Turns: 5295, Time: 00:27:20

Health: -1/54      AC: -2    Str:  7    XL:     8   Next: 6%
Gold:   279        EV: 14    Int: 16    God:
                   SH:  0    Dex: 17

rFire   + + +        x - staff of fire
rCold   x . .        (no shield)
rNeg    + . .        a - +0 robe
rPois   ∞            s - +1 helmet
rElec   .            B - +0 cloak
rCorr   .            C - +0 pair of gloves
SInv    +            (boots unavailable)
Will    .....        (no amulet)
Stlth   +++          e - ring of positive energy
HPRegen 0.29/turn    q - ring of see invisible
MPRegen 0.00/turn

%: infuse magic (-2 HP)
@: corroded, flying
A: sickness immunity, fire resistance 2, cold vulnerability 1, float, innate
caster, HP casting, extra vitality 1
a: no special abilities


You were on level 6 of the Dungeon.
You visited 1 branch of the dungeon, and saw 6 of its levels.

You collected 279 gold pieces.

Inventory:

Hand Weapons
 d - a +0 sling
 g - a +2 dagger of venom
Missiles
 n - 6 poisoned darts (quivered)
 v - 2 boomerangs
Armour
 a - a +0 robe (worn)
 c - a +0 leather armour
 f - a +0 leather armour
 h - a +0 ring mail
 p - a +0 kite shield
 s - a +1 helmet (worn)
 B - a +0 cloak (worn)
 C - a +0 pair of gloves (worn)
Magical Staves
 x - a staff of fire (weapon)
Jewellery
 e - a ring of positive energy (left hand)
 q - a ring of see invisible (right hand)
Scrolls
 l - a scroll of enchant weapon {unknown}
 w - 3 scrolls of teleportation {unknown}
 y - a scroll of enchant armour {unknown}
 z - a scroll of poison {unknown}
 A - a scroll of fog {unknown}
Potions
 b - a potion of curing
 i - a potion of lignification
 j - 2 potions of might
 k - a potion of resistance
 m - a potion of attraction
 o - a potion of mutation
 r - a potion of berserk rage {unknown}
 t - a potion of heal wounds {unknown}
 u - a potion of enlightenment {unknown}


   Skills:
 + Level 1.9 Fighting
 - Level 1.3 Short Blades
 + Level 4.2 Dodging
 + Level 4.2 Stealth
 * Level 5.0 Spellcasting
 * Level 5.0 Conjurations
 * Level 5.0 Hexes
 * Level 5.0 Summonings
 * Level 5.0 Necromancy
 * Level 5.0 Translocations
 * Level 5.0 Transmutations
 * Level 5.0 Fire Magic
 * Level 5.0 Ice Magic
 * Level 5.0 Air Magic
 * Level 5.0 Earth Magic
 * Level 5.0 Poison Magic


You knew the following spells:

 Your Spells              Type           Power      Damage    Failure   Level
a - Foxfire               Conj/Fire      100%       2x1d9     1%          1
b - Scorch                Fire           60%        2d7       3%          2
c - Volatile Blastmotes   Fire/Tloc      60%        2d15      6%          3
d - Inner Flame           Hex/Fire       30%        N/A       6%          3
e - Flame Wave            Conj/Fire      30%        2d9       19%         4
f - Necrotise             Necr           80%        1d8       1%          1
g - Poisonous Vapours     Pois/Air       40%        N/A       3%          2
h - Ensorcelled Hibernat  Hex/Ice        40%        N/A       3%          2
Your spell library was empty.

Dungeon Overview and Level Annotations

Branches:
Dungeon (6/15)
 Temple: D:4-7

Altars:
Qazlal
Yredelemnul

Annotations:
D:4 3 runed translucent doors, Zvl3's ghost, amateur DsGl; hgbash's ghost, amateur GrEE; pigah's ghost, amateur OpWn
D:5 billz9's ghost, novice GrEE


Innate Abilities, Weirdness & Mutations

You are immune to sickness and miasma.
You are immune to poison.
Your flesh is very heat resistant. (rF++)
You are vulnerable to cold. (rC-)
You float through the air rather than walking.
You learn spells naturally, not from books.
Your magical power is your life essence.
You have superior vitality. (+4 MHP)


Message History

Your Transmutations skill increases to level 5!
Your Fire Magic skill increases to level 5!
Your Ice Magic skill increases to level 5!
Your Air Magic skill increases to level 5!
Your Earth Magic skill increases to level 5!
Your Poison Magic skill increases to level 5!
Casting: Foxfire (safe; 1% risk of failure)
Confirm with . or Enter, or press ? or * to list all spells.
Okay, then.
Unknown command.
You aren't carrying any items that you can evoke.
Sorry, you're not good enough to have a special ability.
Unknown command.
Casting: Foxfire (safe; 1% risk of failure)
Confirm with . or Enter, or press ? or * to list all spells.
You feel a surge of power!
Flames lash the scorpion.
The scorpion is heavily wounded.
The scorpion's fire resistance burns away.
The scorpion stings you!
* * * LOW HITPOINT WARNING * * *
Casting: Scorch (safe; 3% risk of failure)
Confirm with . or Enter, or press ? or * to list all spells.
You feel a surge of power!
You conjure some foxfire!
* * * LOW HITPOINT WARNING * * *
The scorpion stings you.
* * * LOW HITPOINT WARNING * * *
You hit the scorpion but do no damage.
The scorpion is heavily wounded.
The foxfire hits the scorpion but does no damage.
The scorpion is heavily wounded.
The foxfire hits the scorpion.
The scorpion is burned terribly!
The scorpion is severely wounded.
The scorpion closely misses you. The scorpion misses you.
Casting: Foxfire (safe; 1% risk of failure)
Confirm with . or Enter, or press ? or * to list all spells.
You feel a surge of power!
You conjure some foxfire!
* * * LOW HITPOINT WARNING * * *
The scorpion is no longer more vulnerable to fire.
The scorpion stings you!
You die...

#+####
#..v@#
#..sv#
#....#
......#
########


You could see a scorpion (ally target).

Vanquished Creatures
  A water moccasin (D:5)
  A bullfrog (D:4)
  2 scorpions
  A howler monkey (D:4)
  2 hounds (D:4)
  A jelly (D:6)
  2 iguanas
  2 orc wizards (D:5)
  Robin (D:2)
  3 gnolls
  7 adders
  A shadow imp (D:4)
  A white imp (D:5)
  An ufetubus (D:5)
  3 worms
  4 dart slugs
  8 orcs
  5 ball pythons
  2 bats (D:3)
  3 endoplasms
  3 giant cockroaches
  19 goblins
  11 hobgoblins
  3 quokkas
  A frilled lizard (D:3)
  4 kobolds
  2 rats
94 creatures vanquished.

Vanquished Creatures (others)
  95 foxfires
95 creatures vanquished.

Grand Total: 189 creatures vanquished

Notes
Turn   | Place    | Note
-------+----------+-------------------------------------------
     0 | D:1      | jlumianski the Djinni Fire Elementalist began the quest for
                  | the Orb.
     0 | D:1      | jlumianski set off with the following spells memorised:
                  | Foxfire, Scorch, Volatile Blastmotes, Inner Flame, Flame
                  | Wave.
     0 | D:1      | Reached XP level 1. HP: 15/15 MP: 0/0
   401 | D:1      | Reached XP level 2. HP: 21/21 MP: 0/0
   919 | D:2      | Reached XP level 3. HP: 24/25 MP: 0/0
   919 | D:2      | Learned a level 1 spell: Necrotise
   971 | D:2      | Found a faded altar of an unknown god.
  1574 | D:3      | Noticed Robin
  1594 | D:2      | Killed Robin
  1595 | D:2      | Reached XP level 4. HP: 26/31 MP: 0/0
  1620 | D:2      | Reached skill level 1 in Short Blades
  1774 | D:3      | Reached skill level 1 in Fighting
  2377 | D:4      | Reached XP level 5. HP: 35/37 MP: 0/0
  2377 | D:4      | Learned a level 2 spell: Poisonous Vapours
  2439 | D:5      | Entered Level 5 of the Dungeon
  2626 | D:4      | Found a runed translucent gate.
  2626 | D:4      | Found a runed translucent gate.
  2626 | D:4      | Found a runed translucent gate.
  2630 | D:4      | Noticed pigah's ghost (amateur OpWn)
  2630 | D:4      | Noticed Zvl3's ghost (amateur DsGl)
  2630 | D:4      | Noticed hgbash's ghost (amateur GrEE)
  2723 | D:3      | Reached XP level 6. HP: 16/42 MP: 0/0
  3410 | D:4      | Found a stormy altar of Qazlal.
  3683 | D:5      | Found a basalt altar of Yredelemnul.
  3821 | D:4      | Reached XP level 7. HP: 11/47 MP: 0/0
  3821 | D:4      | Learned a level 2 spell: Ensorcelled Hibernation
  4445 | D:5      | Noticed a water moccasin
  4452 | D:5      | Killed a water moccasin
  4572 | D:5      | Found a runed translucent gate.
  4573 | D:5      | Found a runed translucent gate.
  4574 | D:5      | Found a runed translucent gate.
  4680 | D:5      | Noticed billz9's ghost (novice GrEE)
  4883 | D:5      | Noticed a water moccasin
  5103 | D:6      | HP: 1/48 [iguana (8)]
  5105 | D:6      | Reached XP level 8. HP: 1/54 MP: 0/0
  5292 | D:6      | Reached skill level 5 in Spellcasting
  5292 | D:6      | Reached skill level 5 in Conjurations
  5292 | D:6      | Reached skill level 5 in Hexes
  5292 | D:6      | Reached skill level 5 in Summonings
  5292 | D:6      | Reached skill level 5 in Necromancy
  5292 | D:6      | Reached skill level 5 in Translocations
  5292 | D:6      | Reached skill level 5 in Transmutations
  5292 | D:6      | Reached skill level 5 in Fire Magic
  5292 | D:6      | Reached skill level 5 in Ice Magic
  5292 | D:6      | Reached skill level 5 in Air Magic
  5292 | D:6      | Reached skill level 5 in Earth Magic
  5292 | D:6      | Reached skill level 5 in Poison Magic
  5295 | D:6      | Slain by a scorpion

Illustrated notes

Levels and vault maps discovered:
D:1:      nicolae_arrival_somewhat_less_tricky_arrival, layout_loops_ring,
          minmay_misc_feat_nine_boxes
D:2:      kennysheep_the_goblin_king, layout_loops_cross,
          hellmonk_ecumenical_altar_run_dry
D:3:      layout_basic, minmay_fountain_box, uniq_robin
D:4:      layout_basic, nicolae_qazlal_eye_of_the_storm,
          gammafunk_ghost_cemetery
D:5:      minmay_recursive_quarters, layout_loops_ring,
          yredelemnul_altar_generic, gammafunk_ghost_split, minmay_door_square
D:6:      layout_gridville, temple_pool_b, uniq_edmund

Skill      XL: |  1  2  3  4  5  6  7  8 |
---------------+-------------------------+-----
Spellcasting   | 4 5 |  5.0
Conjurations   | 4 5 |  5.0
Hexes          | 4 5 |  5.0
Summonings     | 4 5 |  5.0
Necromancy     | 4 5 |  5.0
Translocations | 4 5 |  5.0
Transmutations | 4 5 |  5.0
Fire Magic     | 4 5 |  5.0
Ice Magic      | 4 5 |  5.0
Air Magic      | 4 5 |  5.0
Earth Magic    | 4 5 |  5.0
Poison Magic   | 4 5 |  5.0
Stealth        | 2 3 4 |  4.2
Short Blades   | 1 |  1.3
Dodging        | 3 4 |  4.2
Fighting       | 1 |  1.9

Action                     |  1- 3 |  4- 6 |  7- 9 || total
---------------------------+-------+-------+-------++-------
  Melee: Unarmed           |     3 |       |       ||     3
         Dagger            |    37 |    40 |    25 ||   102
         Punch             |     1 |       |     1 ||     2
         Staff             |       |    18 |     5 ||    23
   Cast: Foxfire           |    19 |    24 |    14 ||    57
         Scorch            |     1 |    12 |    16 ||    29
         Volatile Blastmot |     1 |     9 |     3 ||    13
    Use: Scroll            |       |     4 |       ||     4
         Potion            |       |     2 |       ||     2
   Stab: Sleeping          |     3 |     7 |       ||    10
 Armour: Robe              |     2 |    13 |    12 ||    27
  Dodge: Dodged            |    30 |    61 |    27 ||   118

Table legend: (Time is in decaauts)
 A = Elapsed time spent in this place.
 B = Non-inter-level travel time spent in this place.
 C = Inter-level travel time spent in this place.
 D = Time resting spent in this place.
 E = Time spent auto-exploring this place.
 F = Levels seen in this place.
 G = Mean time per level.
                   A        B        C        D        E       F      G
               +--------+--------+--------+--------+--------+-----+--------+
         Total |   5313 |   5236 |     77 |    708 |   3173 |   6 |  885.5 |
       Dungeon |   5313 |   5236 |     77 |    708 |   3173 |   6 |  885.5 |
               +--------+--------+--------+--------+--------+-----+--------+

Top non-repeatable levels by time:
     D:3: 1282 daAuts
     D:4: 1182 daAuts
     D:5: 1008 daAuts
     D:2: 844 daAuts
     D:1: 794 daAuts
     D:6: 200 daAuts
